 Dungeon Sprint DCSS version 0.30-a0-585-g93115170b9 (webtiles) character file.

Game seed: 12414112044349858715

8075 mhtbhm the Peltast (level 11, -2/96 HPs)
             Began as a Merfolk Fighter on Jan 3, 2023.
             Was the Champion of Qazlal.
             Blown up by a great orb of eyes (47 damage)
             ... with a mindburst bolt
             ... in the Dungeon (Sprint V: "Ziggurat Sprint").
             The game lasted 00:03:37 (837 turns).

mhtbhm the Peltast (Merfolk Fighter)                 Turns: 837, Time: 00:03:37

Health: -2/96      AC: 25    Str: 33    XL:     11   Next: 25%
Magic:  17/20      EV:  0    Int:  7    God:    Qazlal [******]
Gold:   0          SH: 39    Dex: 14    Spells: 10/10 levels left

rFire   + + .      SeeInvis .    a - +8 lance "Wyrmbane" {slay drac, rPois rF+ rC+ AC+3}
rCold   + + .      Faith    .    c - +18 shield of the Gong {rElec rN+ Will+ EV-5}
rNeg    + . .      Spirit   .    b - +5 gold dragon scales
rPois   +          Reflect  .    (no helmet)
rElec   +          Harm     .    (no cloak)
rCorr   .          Rampage  .    (no gloves)
Will    +....      NoTele   +    (no boots) Stlth
                                 (no amulet)
HPRegen 0.36/turn                z - +6 ring of strength
MPRegen 0.17/turn                A - +6 ring of strength

@: marked, studying Dodging, repel missiles
A: (nimble swimmer 2), mertail
a: Renounce Religion, Upheaval, Elemental Force, Disaster Area


You were in the Dungeon.
You worshipped Qazlal.
Qazlal was exalted by your worship.
You visited 1 branch

Inventory:

Hand Weapons
 a - the +8 lance "Wyrmbane" (weapon) {slay drac, rPois rF+ rC+ AC+3}
   (You found it in the Dungeon)

   It inflicts extra damage against dragons and draconians.
   AC:        It affects your AC (+3).
   rF:        It protects you from fire.
   rC:        It protects you from cold.
   rPois:     It protects you from poison.
Armour
 b - +5 gold dragon scales (worn)
 c - the +18 shield of the Gong (worn) {rElec rN+ Will+ EV-5}
   (You found it in the Dungeon)

   It is deafeningly noisy when blocking attacks.
   EV:        It affects your evasion (-5).
   rElec:     It insulates you from electricity.
   rN:        It protects you from negative energy.
   Will:      It increases your willpower.
Jewellery
 w - a ring of positive energy
 z - a +6 ring of strength (left hand)
 A - a +6 ring of strength (right hand)
Wands
 s - a wand of mindburst (7)
 t - a wand of acid (7)
Scrolls
 j - 4 scrolls of blinking
 o - 4 scrolls of amnesia
 p - 6 scrolls of fog
 q - 5 scrolls of identify
 r - 2 scrolls of fear
 u - 2 scrolls of brand weapon
Potions
 d - 7 potions of might
 e - 8 potions of curing
 f - 8 potions of heal wounds
 g - 6 potions of haste
 h - 7 potions of magic
 i - 2 potions of berserk rage
 k - 2 potions of brilliance
 l - 2 potions of invisibility
 m - 4 potions of resistance
 n - a potion of experience
Miscellaneous
 v - a tin of tremorstones (2/2)
 B - a lightning rod (4/4)


   Skills:
 + Level 12.5 Fighting
 + Level 13.0 Polearms
 + Level 9.5 Armour
 + Level 2.9 Stealth
 + Level 15.6 Shields
 * Level 13.1 Invocations


You had 10 spell levels left.
You didn't know any spells.
Your spell library contained the following spells:

 Spells                   Type           Power      Damage    Failure   Level
 Apportation              Tloc           0%         N/A       100%        1
 Necrotise                Necr           0%         1d4       100%        1
 Summon Small Mammal      Summ           0%         N/A       100%        1
 Cigotuvi's Dreadful Rot  Necr/Pois/Air  0%         N/A       100%        2
 Static Discharge         Conj/Air       0%         2-2/arc   100%        2
 Airstrike                Air            0%         2d(0-16)  100%        4
 Animate Armour           Summ/Erth      0%         N/A       100%        4
 Dispel Undead            Necr           0%         3d6       100%        4
 Summon Lightning Spire   Summ/Air       0%         N/A       100%        4
 Freezing Cloud           Conj/Ice/Air   0%         6-21      100%        5
 Lightning Bolt           Conj/Air       0%         1d11      100%        5
 Summon Forest            Summ/Tloc      0%         N/A       100%        5
 Summon Mana Viper        Hex/Summ       0%         N/A       100%        5
 Death Channel            Necr           0%         N/A       100%        6
 Summon Cactus Giant      Summ           0%         N/A       100%        6
 Enfeeble                 Hex            0%         N/A       100%        7
 Storm Form               Tmut/Air       0%         N/A       100%        7


Dungeon Overview and Level Annotations

Branches:
Dungeon (1/1)

Altars:
Ashenzari
Cheibriados
Dithmenos
Elyvilon
Fedhas
Gozag
Hepliaklqana
Kikubaaqudgha
Makhleb
Nemelex Xobeh
Okawaru
Qazlal
Ru
Sif Muna
Trog
Uskayaw
Vehumet
Wu Jian
Xom
Yredelemnul
Zin
The Shining One
Jiyva
Lugonu


Innate Abilities, Weirdness & Mutations

((You are very nimble when in or above water. (Stealth+, EV+, Speed+++)))
Your lower body shifts to a powerful aquatic tail in water.


Message History

You are too injured to fight recklessly!
You are too injured to fight recklessly!
You are too injured to fight recklessly!
You are too injured to fight recklessly!
You are too injured to fight recklessly!
You are too injured to fight recklessly!
You are too injured to fight recklessly!
You are too injured to fight recklessly!
You are too injured to fight recklessly!
Unknown command.
You puncture the great orb of eyes!
The great orb of eyes is lightly wounded.
You block the yaktaur's attack.
PTOANNNG!
Unknown command.
Unknown command.
You puncture the great orb of eyes!
The great orb of eyes is moderately wounded.
You block the great orb of eyes's attack.
PTOANNNG!
The vault sentinel casts a spell at you.
You barely resist. You block the yaktaur's attack.
GONNNNG!
You hit the great orb of eyes but do no damage.
The great orb of eyes is moderately wounded.
You block the great orb of eyes's attack.
PANG!
Unknown command.
You impale the great orb of eyes!!
The great orb of eyes is severely wounded.
The vault sentinel unwields a +0 arbalest.
The vault sentinel wields a +2 heavy long sword.
You block the vault sentinel's attack.
GONNNNG!
The yaktaur hits you but does no damage.
You puncture the great orb of eyes!
The great orb of eyes is almost dead.
The great orb of eyes gazes at you.
Your mind is blasted!
You die...

▓..8©8..▓
▓..}=|[)..▓..).)..▓
▓...}}}...▓..[....▓
▓.........▓.......▓
▓.........▓.......▓
▓.........▓.......▓
▓..°.)°...▓...††..▓
▓.▓.○G).▓.▓.▓..†▓.▓
▓...p@c...▓...©...▓
▓▓▓▓▓▓▓▓▓▓▓▓▓▓▓▓▓▓▓


You could see a great orb of eyes, a vault sentinel and a yaktaur.

Vanquished Creatures
  2 vault guards (D)
  A dancing weapon (D)
  A deep elf archer (D)
  4 wolf spiders (D)
  3 draconians (D)
  A yaktaur (D)
  4 tarantellas (D)
  A fire elemental (D)
  A human (shapeshifter) (D)
  A redback (D)
  A water moccasin (D)
  4 scorpions (D)
  3 orc priests (D)
  6 orc wizards (D)
  6 orcs (D)
  A ball python (D)
40 creatures vanquished.

Vanquished Creatures (collateral kills)
  A vault warden (D)
  A vault sentinel (D)
2 creatures vanquished.

Grand Total: 42 creatures vanquished

Notes
Turn   | Place    | Note
-------+----------+-------------------------------------------
     0 | D        | mhtbhm the Merfolk Fighter began the quest for the Orb.
     0 | D        | Reached XP level 1. HP: 18/18 MP: 1/1
     1 | D        | Banished a spatial maelstrom
     2 | D        | Found a blossoming altar of Fedhas.
     2 | D        | Found the +6 Majin-Bo {vamp, MP+6 Int+6}
     2 | D        | Found the +27 heavy crossbow "Sniper" {heavy, Acc+∞ SInv}
     2 | D        | Found the +10 dark maul {heavy}
     2 | D        | Found the +15 Maxwell's patent armour {-Cast -Tele rElec
                  | Will+ rCorr}
     2 | D        | Found the +18 shield of the Gong {rElec rN+ Will+ EV-5}
     2 | D        | Found the +16 obsidian axe {drain, Mesm Drain Fly SInv}
     2 | D        | Found the +7 great mace "Firestarter" {inner flame, rF++}
     2 | D        | Found the +6 shillelagh "Devastator" {shatter}
     2 | D        | Found the +11 plutonium sword {Contam Stlth-}
     2 | D        | Found the +8 lance "Wyrmbane" {slay drac, rPois rF+ rC+
                  | AC+3}
     2 | D        | Found the +9 sword of Zonguldrok {reap}
     2 | D        | Found the +13 scythe of Curses {drain, Drain}
     2 | D        | Found the +9 sword of Power
     2 | D        | Found the +7 mace of Variability {chain chaos}
     2 | D        | Found the +11 Singing Sword {sonic wave}
     2 | D        | Found the +8 storm bow {elec, penet}
    18 | D        | Found a shimmering blue altar of Sif Muna.
    18 | D        | Found a bloodstained altar of Trog.
    18 | D        | Found a sacrificial altar of Ru.
    18 | D        | Found a stormy altar of Qazlal.
    18 | D        | Found an iron altar of Okawaru.
    19 | D        | Found a sparkling altar of Nemelex Xobeh.
    21 | D        | Found a transporter.
    21 | D        | Found an ancient bone altar of Kikubaaqudgha.
    21 | D        | Found a viscous altar of Jiyva.
    21 | D        | Found a corrupted altar of Lugonu.
    21 | D        | Found a hazy altar of Hepliaklqana.
    21 | D        | Found a burning altar of Makhleb.
    21 | D        | Found an opulent altar of Gozag.
    86 | D        | Became a worshipper of Qazlal Stormbringer
   101 | D        | Entered arena 2.
   101 | D        | Noticed a water moccasin
   101 | D        | Found a transporter.
   106 | D        | Killed a water moccasin
   107 | D        | Reached skill level 5 in Fighting
   107 | D        | Reached skill level 5 in Shields
   107 | D        | Reached XP level 2. HP: 28/28 MP: 1/4
   107 | D        | Reached XP level 3. HP: 34/34 MP: 1/5
   107 | D        | Reached XP level 4. HP: 40/40 MP: 1/6
   116 | D        | Entered arena 3.
   116 | D        | Noticed a draconian
   116 | D        | Noticed a draconian
   116 | D        | Noticed a draconian
   116 | D        | Found a transporter.
   122 | D        | Killed a draconian
   122 | D        | Reached * piety under Qazlal
   123 | D        | Reached skill level 5 in Polearms
   123 | D        | Reached skill level 7 in Shields
   123 | D        | Reached XP level 5. HP: 51/51 MP: 2/10
   123 | D        | Reached XP level 6. HP: 57/57 MP: 2/11
   123 | D        | Reached XP level 7. HP: 63/63 MP: 2/12
   129 | D        | Killed a draconian
   130 | D        | Reached skill level 8 in Shields
   136 | D        | Killed a draconian
   137 | D        | Reached skill level 10 in Fighting
   137 | D        | Reached skill level 9 in Shields
   137 | D        | Reached XP level 8. HP: 63/73 MP: 3/14
   182 | D        | Entered arena 4.
   182 | D        | Noticed a deep elf archer
   182 | D        | Noticed a +2 scimitar of holy wrath
   182 | D        | Noticed a black mamba
   182 | D        | Found a transporter.
   188 | D        | Reached ** piety under Qazlal
   189 | D        | Killed a +2 scimitar of holy wrath
   190 | D        | Reached skill level 10 in Shields
   190 | D        | Reached XP level 9. HP: 44/81 MP: 13/16
   191 | D        | a black mamba changed into a shapeshifter
   208 | D        | Killed a deep elf archer
   208 | D        | Reached *** piety under Qazlal
   209 | D        | Reached skill level 11 in Shields
   209 | D        | Reached skill level 10 in Invocations
   304 | D        | Entered arena 5.
   304 | D        | Found a transporter.
   400 | D        | Entered arena 6.
   400 | D        | Found a transporter.
   404 | D        | Reached **** piety under Qazlal
   468 | D        | Got the Catalogue of the Called Birds
   472 | D        | Got Sif Muna's Encyclopedia of Anathema and Fog
   475 | D        | Entered arena 7.
   476 | D        | Found a transporter.
   480 | D        | Reached ***** piety under Qazlal
   515 | D        | Entered arena 8.
   515 | D        | Noticed a tarantella
   515 | D        | Noticed a tarantella
   515 | D        | Noticed a wolf spider
   515 | D        | Noticed a tarantella
   516 | D        | Found a transporter.
   524 | D        | Killed a wolf spider
   525 | D        | Reached skill level 10 in Polearms
   525 | D        | Reached skill level 12 in Shields
   532 | D        | Reached XP level 10. HP: 86/89 MP: 16/18
   615 | D        | Entered arena 9.
   615 | D        | Noticed a wolf spider
   615 | D        | Noticed a wolf spider
   615 | D        | Noticed a wolf spider
   616 | D        | Found a transporter.
   619 | D        | Reached ****** piety under Qazlal
   627 | D        | Killed a wolf spider
   628 | D        | Reached skill level 13 in Shields
   636 | D        | Killed a wolf spider
   644 | D        | Killed a wolf spider
   796 | D        | Entered arena 10.
   796 | D        | Noticed a vault sentinel
   796 | D        | Noticed a vault guard
   796 | D        | Noticed a vault guard
   796 | D        | Noticed a great orb of eyes
   796 | D        | Noticed a vault sentinel
   796 | D        | Noticed a vault warden
   804 | D        | Killed a vault warden
   805 | D        | Reached skill level 1 in Stealth
   805 | D        | Reached skill level 14 in Shields
   807 | D        | Killed a vault sentinel
   808 | D        | Reached XP level 11. HP: 96/96 MP: 14/20
   814 | D        | Killed a vault guard
   815 | D        | Reached skill level 15 in Shields
   829 | D        | Killed a vault guard
   837 | D        | Blown up by a great orb of eyes

Illustrated notes

Levels and vault maps discovered:
D:        sprint_v [room_start, room_1, room_2, room_3, room_4, room_5, room_6,
          room_7, room_8, room_9, room_10, room_11, room_12, room_13, room_14,
          room_15, room_16, room_17, room_18, room_19, room_20, room_21,
          room_22, room_23, room_24, room_25, room_26, room_27]

Skill      XL: |  1  2  3  4  5  6  7  8  9 10 11 |
---------------+----------------------------------+-----
Fighting       | 5 8 10 11 12 | 12.5
Polearms       | 4 5 7 8 10 12 13 | 13.0
Armour         | 4 6 7 8 9 |  9.5
Shields        | 5 7 9 10 12 14 15 | 15.6
Invocations    | 3 6 8 9 10 12 13 | 13.1
Stealth        | 1 2 |  2.9

Action                   |  1- 3 |  4- 6 |  7- 9 | 10-12 || total
-------------------------+-------+-------+-------+-------++-------
Melee: Lance             |     5 |     4 |    75 |    73 ||   157
Invok: Elemental Force   |       |       |       |     1 ||     1
  Use: Potion            |       |     1 |     3 |     1 ||     5
       Scroll            |       |       |       |     1 ||     1
 Stab: Paralysed         |       |       |       |     3 ||     3
Armor: Gold dragon scale |     1 |       |    24 |    19 ||    44
Dodge: Dodged            |       |       |     4 |       ||     4
Block: Kite shield       |     8 |     4 |    86 |   135 ||   233

Table legend: (Time is in decaauts)
 A = Elapsed time spent in this place.
 B = Non-inter-level travel time spent in this place.
 C = Inter-level travel time spent in this place.
 D = Time resting spent in this place.
 E = Time spent auto-exploring this place.
 F = Levels seen in this place.
 G = Mean time per level.
                   A        B        C        D        E       F      G
               +--------+--------+--------+--------+--------+-----+--------+
         Total |    802 |    802 |      0 |    422 |      0 |   1 |  802.0 |
       Dungeon |    802 |    802 |      0 |    422 |      0 |   1 |  802.0 |
               +--------+--------+--------+--------+--------+-----+--------+

Top non-repeatable levels by time:
       D: 802 daAuts
